 Dungeon Crawl Stone Soup version 0.28.0-53-g5a82cb258f (webtiles) character file.

Game seed: 2527458759539672916

62041 jjjjhere the Unseen (level 15, -1/91 (97) HPs)
             Began as a Kobold Berserker on Aug 16, 2022.
             Was a High Priest of Trog.
             Slain by an orc warrior
             ... wielding a +0 dire flail
             ... led by an orc warlord
              (29 damage)
             ... while paralysed by an orc sorcerer
             ... on level 2 of the Orcish Mines on Aug 17, 2022.
             The game lasted 00:46:47 (31358 turns).

jjjjhere the Unseen (Kobold Berserker)             Turns: 31358, Time: 00:46:47

HP:   -1/91 (97)    AC: 18    Str: 24    XL:     15   Next: 44%
MP:   15/15         EV:  3    Int:  8    God:    Trog [*****.]
Gold: 1631          SH:  0    Dex: 19    Spells: 14/14 levels left

rFire   + . .      SeeInvis .   Z - +2 dagger (venom)
rCold   + . .      Faith    .   W - +2 kite shield {reflect}
rNeg    . . .      Spirit   .   I - +2 ring mail {rF+}
rPois   .          Reflect  +   v - +0 helmet "Zuasot" {rC+ Slay+2}
rElec   .          Harm     .   m - +2 cloak
rCorr   .          Rampage  .   z - +0 pair of gloves {infuse}
Will    +....                   (no boots)
Stlth   ++++++++..              r - amulet of magic regeneration
HPRegen 0.25/turn               l - +4 ring of protection
MPRegen 0.54/turn               U - +6 ring of strength

@: paralysed, drained
A: small, no large weapons, nightstalker 3
a: Renounce Religion, Berserk, Trog's Hand, Brothers in Arms


You were on level 2 of the Orcish Mines.
You worshipped Trog.
Trog was extremely pleased with you.
You visited 3 branches of the dungeon, and saw 18 of its levels.
You also visited: Volcano.

You collected 1769 gold pieces.
You spent 138 gold pieces at shops.

Inventory:

Hand Weapons
 a - a +0 short sword
 b - a +0 hunting sling
 q - a +4 dagger
 J - a +0 spectral rapier
 V - a +1 antimagic rapier
 Z - a +2 dagger of venom (weapon)
Missiles
 d - 121 sling bullets
 g - 307 stones
 p - 5 atropa-tipped darts
 A - a curare-tipped dart
 H - 4 datura-tipped darts
 L - 7 throwing nets (quivered)
Armour
 j - the +3 robe of Clouds {*Thunder rCloud rElec}
   (You found it on level 3 of the Lair of Beasts)

   It occasionally creates storm clouds above nearby enemies.
   It grants its wearer immunity to clouds.
   rElec:     It insulates you from electricity.
 m - a +2 cloak (worn)
 v - the +0 helmet "Zuasot" (worn) {rC+ Slay+2}
   (You found it on level 6 of the Dungeon)

   Slay:      It affects your accuracy & damage with ranged weapons and melee
   (+2).
   rC:        It protects you from cold.
 z - a +0 pair of gloves of infusion (worn)
 B - a +0 troll leather armour
 G - a +0 plate armour of fire resistance
 I - a +2 ring mail of fire resistance (worn)
 W - a +2 kite shield of reflection (worn)
 Y - the +2 hat of the Dwarven Hall {rC+ rN+}
   (You found it on level 6 of the Lair of Beasts)

   rC:        It protects you from cold.
   rN:        It protects you from negative energy.
Jewellery
 l - a +4 ring of protection (left hand)
 n - a ring of resist corrosion
 r - an amulet of magic regeneration (around neck)
 y - a ring of flight
 M - a ring of willpower
 R - a ring of poison resistance
 U - a +6 ring of strength (right hand)
 X - the ring "Zeeczup" {rN++ AC+4 Dex-5}
   (You found it on level 6 of the Lair of Beasts)

   [ring of protection]

   AC:        It affects your AC (+4).
   Dex:       It affects your dexterity (-5).
   rN:        It greatly protects you from negative energy.
Wands
 x - a wand of digging (6)
 K - a wand of flame (11)
 P - a wand of paralysis (9)
Scrolls
 c - 2 scrolls of blinking
 f - a scroll of fog
 i - 5 scrolls of teleportation
 k - 3 scrolls of enchant armour
 o - 2 scrolls of enchant weapon
 u - a scroll of vulnerability
 E - 2 scrolls of magic mapping
 Q - 5 scrolls of identify
Potions
 e - a potion of mutation
 h - 2 potions of invisibility {unknown}
 s - 3 potions of haste
 t - a potion of resistance
 w - 2 potions of lignification
 C - 2 potions of brilliance
 D - 2 potions of attraction
 F - 2 potions of heal wounds
 N - 5 potions of ambrosia
 O - a potion of might {unknown}
 T - a potion of curing
Miscellaneous
 S - a lightning rod (inert)


   Skills:
 - Level 12.8 Fighting
 - Level 12.0 Short Blades
 - Level 8.3 Armour
 - Level 13.6 Dodging
 - Level 20.4 Stealth
 + Level 6.1 Shields


You had 14 spell levels left.
You didn't know any spells.
Your spell library was empty.

Dungeon Overview and Level Annotations

Branches:
Dungeon (10/15)            Temple (0/1) D:4            Lair (6/6) D:10
 Shoals (0/4) Lair:2       Spider (0/4) Lair:2        Slime (0/5) Lair:6
    Orc (2/2) D:10            Elf (0/3) Orc:2       Volcano (visited)

Altars:
Dithmenos
Okawaru
Xom

Shops:
D:3 *   D:4 *   D:6 [

Portals:
Abyss: D:6

Annotations:
D:6 2 transporters, Wentworth's ghost, novice DgIE
D:7 3 runed translucent doors, Sin92's ghost, novice DsFi
Lair:2 3 runed translucent doors
Lair:5 1 runed translucent door, turdburglar's ghost, journeyman TrTm


Innate Abilities, Weirdness & Mutations

You are small and have problems with some larger weapons.
You are completely attuned to the shadows.


Message History

a +0 glaive; a +2 plate armour of poison resistance Magic restored.
HP restored.
Key pressed, stopping explore.
Key pressed, stopping explore.
The orc wizard shouts!
You puncture the orc wizard!
The orc wizard is poisoned.
The orc wizard is severely wounded.
You kill the orc wizard!
Trog accepts your kill.
Trog appreciates your killing of a magic user.
No target in view!
Things that are here:
a +0 dagger; a +0 robe You see here a +0 flail.
Things that are here:
a +0 robe; a +0 dagger You see here a +0 dagger.
Key pressed, stopping explore.
The orc shouts!
You hear a shout! x6
The orc throws a boomerang.
You reflect the boomerang off your +2 kite shield of reflection!
The boomerang hits the orc.
You see here a +0 trident.
The orc warrior shouts!
The orc warlord shouts!
The orc sorcerer casts a spell at you.
You suddenly lose the ability to move!
The orc warlord roars a battlecry!
The orcs go into a battle-frenzy!
The orc sorcerer gestures at you while chanting.
The bolt of negative energy hits you!!
You feel drained.
The orc warlord roars a battlecry!
The orc warrior goes into a battle-frenzy!
The orc warrior hits you with a +0 mace.
The orc sorcerer mumbles some strange words.
The orc warrior hits you with a +0 dire flail!
The orc warrior hits you with a +0 mace!
The orc sorcerer hits you with a +0 dagger.
The orc warrior hits you with a +0 dire flail!!
You die...

#.).......# #.[......##
#.)..[....# ##.#...#.##
.... #.).....## .........
#..#...## .........
#...#.##
###.....############...#.##
...))...o......o@.........#
...).)).......oo#o.......##
.........................#
................oo....#.##
.................)))..###
...............[...[..##
........^....[o......#
.........[.o......##
..........###.#...#


You could see an orc warlord, an orc sorcerer (strong) and 3 orc warriors.

Vanquished Creatures
  Jorgrun (Orc:1)
  An orc warlord (Orc:2)
  7 hydras
  A centaur warrior (D:10)
  Harold (Lair:2)
  A two-headed ogre (D:10)
  7 death yaks
  An orc high priest (Orc:2)
  A goliath frog (Lair:6)
  An orc knight (D:10)
  5 orc sorcerers
  2 ugly things
  6 black mambas
  7 elephants
  2 merfolk sirens (Lair:2)
  2 molten gargoyles (Volcano)
  A smoke demon (Volcano)
  25 cane toads
  A torpor snail (Lair:6)
  6 rime drakes
  7 komodo dragons
  A red devil (Volcano)
  2 trolls
  4 tyrant leeches
  7 polar bears
  2 merfolk (Lair:2)
  24 blink frogs
  A hornet (D:10)
  Grinder (D:4)
  A jumping spider (Lair:2)
  A fire bat (Volcano)
  52 yaks
  8 wyverns
  4 basilisks
  2 steam dragons
  5 vampire mosquitoes
  3 wargs
  12 water moccasins
  2 hell hounds (Volcano)
  3 black bears
  A sky beast (D:7)
  29 orc warriors
  8 ogres
  A centaur (D:5)
  3 phantoms
  Blork the orc (D:5)
  A kobold brigand (D:8)
  A gnoll sergeant (D:9)
  15 bullfrogs
  A wyvern zombie (D:7)
  A wyvern skeleton (D:6)
  A water moccasin skeleton (D:5)
  18 killer bees (Lair:2)
  An electric eel (Lair:3)
  A howler monkey (D:7)
  2 centaur zombies
  5 lava snakes (Volcano)
  A bullfrog zombie (D:6)
  3 hounds
  13 jellies
  2 gnoll shamans
  9 orc priests
  3 iguanas
  15 orc wizards
  2 killer bee zombies
  A howler monkey zombie (D:7)
  25 gnolls
  5 adders
  2 white imps
  An ufetubus (D:6)
  2 adder skeletons (D:2)
  A worm (D:2)
  5 dart slugs
  55 orcs
  7 ball pythons
  9 endoplasms
  A giant cockroach (D:1)
  6 goblins
  9 hobgoblins
  13 kobolds
  2 quokkas
  A ball python skeleton (D:2)
  A ball python zombie (D:2)
  7 bats
  4 frilled lizards
  A quokka skeleton (D:2)
  A quokka zombie (D:2)
  12 rats
530 creatures vanquished.

Vanquished Creatures (collateral kills)
  A queen bee (Lair:2)
  5 killer bees (Lair:2)
6 creatures vanquished.

Vanquished Creatures (others)
  An orc (Orc:2)
  2 bushes (Lair:6)
  57 fungi
  142 plants
  A withered plant (D:2)
203 creatures vanquished.

Grand Total: 739 creatures vanquished

Notes
Turn   | Place    | Note
-------+----------+-------------------------------------------
     0 | D:1      | jjjjhere the Kobold Berserker began the quest for the Orb.
     0 | D:1      | Reached XP level 1. HP: 14/14 MP: 1/1
    69 | D:1      | Reached skill level 1 in Stealth
   124 | D:1      | Reached XP level 2. HP: 19/19 MP: 2/2
   275 | D:1      | Reached skill level 2 in Stealth
   477 | D:1      | Reached XP level 3. HP: 23/23 MP: 3/3
   579 | D:1      | Reached ** piety under Trog
   836 | D:2      | Found a faded altar of an unknown god.
   986 | D:2      | Reached skill level 5 in Short Blades
  1000 | D:2      | Reached skill level 3 in Stealth
  1001 | D:2      | HP: 4/34 [gnoll/+0 halberd (16)]
  1006 | D:2      | Reached XP level 4. HP: 6/28 MP: 4/4
  1646 | D:2      | HP: 9/28 [poisoned by an adder]
  2023 | D:2      | Reached skill level 4 in Stealth
  2155 | D:2      | Reached XP level 5. HP: 32/32 MP: 5/5
  3841 | D:3      | Found Ubrorr's General Store.
  3843 | D:3      | Reached skill level 5 in Stealth
  3843 | D:3      | Reached XP level 6. HP: 37/37 MP: 6/6
  4565 | D:4      | Noticed Grinder
  4569 | D:4      | Killed Grinder
  4570 | D:4      | Reached skill level 7 in Stealth
  4570 | D:4      | Reached XP level 7. HP: 41/41 MP: 7/7
  4610 | D:4      | Found a staircase to the Ecumenical Temple.
  4658 | D:4      | Found Rumeath's General Store.
  5298 | D:5      | Entered Level 5 of the Dungeon
  5321 | D:5      | Noticed Blork the orc
  5325 | D:5      | Killed Blork the orc
  5365 | D:4      | Reached skill level 8 in Stealth
  5367 | D:4      | Reached *** piety under Trog
  5513 | D:4      | Reached XP level 8. HP: 46/46 MP: 8/8
  6110 | D:5      | Reached skill level 9 in Stealth
  6363 | D:5      | Reached skill level 10 in Short Blades
  6392 | D:5      | Reached skill level 10 in Stealth
  6627 | D:5      | Reached XP level 9. HP: 52/52 MP: 9/9
  7477 | D:6      | Found a shadowy altar of Dithmenos.
  7758 | D:6      | Identified the +0 helmet "Zuasot" {rC+ Slay+2}
  7822 | D:6      | Found a one-way gate to the infinite horrors of the Abyss.
  7822 | D:6      | Noticed Wentworth's ghost (novice DgIE)
  7833 | D:6      | Found a transporter.
  7879 | D:6      | Reached skill level 5 in Fighting
  7879 | D:6      | Reached skill level 11 in Stealth
  7966 | D:6      | Found Feroenin's Armour Shoppe.
  8027 | D:6      | Found a transporter.
  8027 | D:6      | Noticed a worldbinder
  8420 | D:7      | Reached skill level 5 in Dodging
  9318 | D:7      | Found a runed translucent gate.
  9319 | D:7      | Found a runed translucent gate.
  9319 | D:7      | Found a runed translucent gate.
  9342 | D:7      | Noticed Sin92's ghost (novice DsFi)
 10318 | D:8      | Noticed a brown ugly thing
 10322 | D:8      | Killed a brown ugly thing
 10323 | D:8      | Reached skill level 12 in Stealth
 10323 | D:8      | Reached XP level 10. HP: 61/61 MP: 10/10
 10459 | D:4      | Bought a +0 pair of gloves of infusion for 138 gold pieces
 11365 | D:9      | Reached **** piety under Trog
 11366 | D:9      | Reached skill level 13 in Stealth
 11666 | D:10     | Entered Level 10 of the Dungeon
 11881 | D:10     | Noticed a komodo dragon
 11885 | D:10     | Killed a komodo dragon
 11913 | D:10     | Found a staircase to the Orcish Mines.
 11990 | D:10     | Noticed a two-headed ogre
 12002 | D:10     | HP: 16/96 [two-headed ogre/+0 giant club (26)]
 12003 | D:10     | Killed a two-headed ogre
 12004 | D:10     | Reached XP level 11. HP: 17/69 MP: 6/11
 12019 | D:10     | Noticed a centaur warrior
 12078 | D:10     | Killed a centaur warrior
 12079 | D:10     | Reached skill level 14 in Stealth
 12651 | D:10     | Found a staircase to the Lair.
 12690 | D:10     | Paralysed by a hornet for 1 turns
 12860 | Lair:1   | Entered Level 1 of the Lair of Beasts
 12876 | Lair:1   | Found a dark tunnel.
 12901 | Volcano  | Entered a volcano
 13437 | Volcano  | Found a burning altar of Makhleb.
 13468 | Volcano  | HP: 34/106 [burnt (1)]
 13469 | Volcano  | Reached skill level 10 in Dodging
 13514 | Volcano  | Noticed a red ugly thing
 13516 | Volcano  | Killed a red ugly thing
 13530 | Volcano  | Reached skill level 15 in Stealth
 13570 | Volcano  | Noticed an orc sorcerer
 13573 | Volcano  | Killed an orc sorcerer
 13588 | Volcano  | Reached skill level 10 in Fighting
 14003 | Lair:1   | Found an iron altar of Okawaru.
 14017 | Lair:1   | Reached XP level 12. HP: 77/77 MP: 10/12
 14224 | Lair:2   | Found a runed translucent gate.
 14225 | Lair:2   | Found a runed translucent gate.
 14226 | Lair:2   | Found a runed translucent gate.
 14293 | Lair:2   | Noticed a seven-headed hydra
 14297 | Lair:2   | Killed a seven-headed hydra
 14468 | Lair:2   | Reached skill level 16 in Stealth
 14548 | Lair:2   | Found a staircase to the Shoals.
 14584 | Lair:2   | Noticed Harold
 14588 | Lair:2   | Killed Harold
 14623 | Lair:2   | Found a hole to the Spider Nest.
 15064 | Lair:2   | HP: 25/77 [poisoned by a killer bee]
 16008 | Lair:3   | Reached skill level 17 in Stealth
 16347 | Lair:3   | HP: 25/77 [rime drake/flash freeze (11)]
 16349 | Lair:3   | HP: 10/77 [blink frog (11)]
 16678 | Lair:3   | Reached XP level 13. HP: 82/82 MP: 8/13
 16738 | Lair:3   | Noticed a six-headed hydra
 16742 | Lair:3   | Killed a six-headed hydra
 16851 | Lair:3   | Reached skill level 5 in Armour
 17015 | Lair:3   | Reached skill level 18 in Stealth
 18073 | Lair:3   | Found the +3 robe of Clouds {*Thunder rCloud rElec}
 18926 | Lair:4   | Reached skill level 19 in Stealth
 19221 | Lair:4   | Noticed a seven-headed hydra
 19225 | Lair:4   | Killed a seven-headed hydra
 20296 | Lair:3   | Reached XP level 14. HP: 80/90 MP: 5/14
 22078 | Lair:5   | Found a runed translucent door.
 22116 | Lair:5   | Noticed turdburglar's ghost (journeyman TrTm)
 22463 | Lair:6   | Entered Level 6 of the Lair of Beasts
 22820 | Lair:5   | HP: 43/136 [five-headed hydra (2)]
 23123 | Lair:5   | Reached skill level 20 in Stealth
 25069 | Lair:6   | HP: 30/92 [poisoned by a cane toad]
 25332 | Lair:6   | Identified the ring "Zeeczup" {rN++ AC+4 Dex-5}
 25339 | Lair:6   | Identified the +2 hat of the Dwarven Hall {rC+ rN+}
 25478 | Lair:6   | HP: 29/92 [poisoned by a black mamba]
 25483 | Lair:6   | HP: 13/92 [poisoned by a black mamba]
 25488 | Lair:6   | HP: 8/92 [poisoned by a black mamba]
 26011 | Lair:6   | Found a staircase to the Slime Pits.
 26308 | Lair:6   | Reached skill level 1 in Shields
 26552 | Lair:5   | Reached XP level 15. HP: 97/97 MP: 11/15
 26646 | Lair:6   | Identified the +2 hand axe of Duty {vorpal, rF+ Will+
                  | Str+4}
 26927 | Lair:5   | HP: 32/97 [poisoned by a black mamba]
 27669 | Orc:1    | Entered Level 1 of the Orcish Mines
 27940 | Orc:1    | Noticed Jorgrun
 27944 | Orc:1    | Killed Jorgrun
 28655 | Orc:2    | Entered Level 2 of the Orcish Mines
 28687 | Orc:2    | Found a shimmering altar of Xom.
 28735 | Orc:2    | Noticed an orc warlord
 29064 | Orc:2    | Found a staircase to the Elven Halls.
 29347 | Orc:2    | Noticed an orc warlord
 30099 | Orc:2    | Killed an orc warlord
 30100 | Orc:2    | Reached skill level 5 in Shields
 30310 | Orc:2    | Reached ***** piety under Trog
 30326 | Orc:2    | Noticed an orc warlord
 31355 | Orc:2    | Paralysed by an orc sorcerer for 4 turns
 31358 | Orc:2    | HP: 28/91 [orc sorcerer/+0 dagger[an orc warlord] (6)]
 31358 | Orc:2    | Slain by an orc warrior

Illustrated notes

Levels and vault maps discovered:
D:1:      wander_arrival_abandoned_jail, layout_loops_ring, minmay_pentomino_v4
D:2:      layout_basic, shapermc_ecumenical_altar_totnotflames, serial_undead,
          serial_undead_e, serial_undead_c, serial_undead_a, serial_undead_e,
          grunt_decor_arrowhead, minmay_tiny_reverse_x
D:3:      layout_basic, serial_shops, shop, wad_floor_pattern_1,
          serial_bayou_lake_a
D:4:      layout_gridville, minmay_temple_entry_mini_moons, serial_shops, shop,
          minmay_crystal_room, corexii_corridor_pit, nrook_mini_vaults,
          uniq_grinder
D:5:      layout_gridville, minivault_14, uniq_blork_the_orc
D:6:      layout_gridville, mainiacjoe_overflow_24_doors,
          gammafunk_ghost_abyssal_escape, serial_shops, nicolae_diamond_shop
D:7:      layout_basic, gammafunk_ghost_nasty_kobolds,
          hangedman_decor_clover_reticule
D:8:      layout_rooms, hangedman_abyss_or_decor_clamps, st_stairs_13,
          hangedman_decor_lopped
D:9:      layout_roguey, hex_large, minmay_liquid_box, serial_bayou_crossing
D:10:     layout_long_grid, grunt_lair_entry_orc_guard_hut, orc_david_3,
          hangedman_abyss_or_decor_lesser_grid, nicolae_figureground_sparkle
Lair:1:   layout_cave_shapes, enter_volcano_1, basic_altar
Lair:2:   layout_cave_pods, elwin_shoals_entry_stream, spider_nest_entry_a,
          gammafunk_ghost_icy, special_room [special_room_bee], uniq_harold
Lair:3:   layout_long_grid, lemuel_fruit_fields, grunt_megastairs_1,
          infiniplex_staircase_pool
Lair:4:   layout_small_grid
Lair:5:   layout_loops_ring, hellmonk_ghost_happy_afterlife,
          beast_lair_carwin_6, serial_bayou_shore_b
Lair:6:   minmay_lair_end_frog_pond, layout_loops_ring,
          minmay_slime_entry_jelly_boxes
Orc:1:    layout_diamond_mine, uniq_jorgrun
Orc:2:    st_orc_congregation, layout_caves, basic_altar

Skill      XL: |  1  2  3  4  5  6  7  8  9 10 11 12 13 14 15 |
---------------+----------------------------------------------+-----
Stealth        | 1 2 3 4 5 7 8 10 12 13 15 17 19 20 | 20.4
Short Blades   | 5 6 7 8 10 12 | 12.0
Dodging        | 3 6 8 10 11 12 13 | 13.6
Fighting       | 6 8 10 11 12 | 12.8
Armour         | 4 7 8 |  8.3
Shields        | 1 6 |  6.1

Action                   |  1- 3 |  4- 6 |  7- 9 | 10-12 | 13-15 || total
-------------------------+-------+-------+-------+-------+-------++-------
Melee: Short sword       |    56 |   111 |       |       |       ||   167
       Punch             |     1 |     2 |     7 |     8 |    14 ||    32
       Dagger            |       |    31 |   268 |   537 |  1423 ||  2259
       Rapier            |       |       |       |    26 |    20 ||    46
Throw: Throwing net      |       |       |     1 |     1 |       ||     2
Invok: Berserk           |     1 |     3 |     4 |    10 |    21 ||    39
       Brothers in Arms  |       |       |       |     2 |     1 ||     3
       Trog's Hand       |       |       |       |     2 |     8 ||    10
Evoke: Wand              |       |       |       |     2 |     1 ||     3
       Lightning rod     |       |       |       |       |     4 ||     4
  Use: Scroll            |       |       |    10 |     5 |     7 ||    22
       Potion            |       |       |       |     2 |       ||     2
 Stab: Sleeping          |    18 |    31 |    29 |    43 |    47 ||   168
       Distracted        |     1 |       |     3 |     4 |    12 ||    20
Armor: Animal skin       |     3 |    11 |    31 |     4 |       ||    49
       Troll leather arm |       |       |       |    23 |       ||    23
       Ring mail         |       |       |       |    75 |   150 ||   225
       Robe              |       |       |       |       |    84 ||    84
Dodge: Dodged            |    29 |    55 |   120 |   369 |   856 ||  1429
Block: Kite shield       |       |       |       |       |   265 ||   265
       Reflection        |       |       |       |       |    10 ||    10
